Map: Dusk Towers

Players

DJHelium

  • Race: Terran Terran
  • League: Master

Miszu - Winner!

  • Race: Terran Terran
  • League: Master

VOD

Have the link to the VOD?

Description

Time

  • Played on: April 17, 2016, 4:16 p.m.
  • Length: 9:05
Show
View Real Time Build Order
Export as new Build Order

DJHelium Terran 

Build Orders: Mech 

Get SALT Encoding   

  12  0:00  SCV  
  13  0:13  SCV  
  14  0:18  Supply Depot  
  14  0:25  SCV  
  15  0:40  SCV  
  16  0:46  Refinery  
  16  0:47  Barracks  
  16  0:53  SCV  
  17  1:03  Barracks  
  17  1:11  SCV  
  18  1:23  Refinery, SCV  
  19  1:34  Reaper  
  19  1:37  Orbital Command  
  20  1:45  Supply Depot  
  20  1:51  Reaper  
  21  2:02  SCV  
  21  2:07  Reaper  
  23  2:14  SCV  
  24  2:26  SCV  
  24  2:27  Reaper  
  25  2:39  Reaper, SCV  
  27  2:51  SCV  
  27  2:56  Factory  
  27  2:59  Reaper  
  27  3:03  SCV  
  29  3:11  Reaper  
  30  3:15  Command Center  
  30  3:17  Supply Depot, SCV  
  28  3:29  SCV  
  29  3:42  Supply Depot  
  29  3:53  Starport, Factory Reactor  
  28  4:02  SCV  
  28  4:16  Factory  
  28  4:18  SCV  
  28  4:23  Bunker  
  29  4:27  Orbital Command  
  29  4:29  Marine  
  29  4:30  Hellion x2  
  34  4:31  Viking  
  34  4:34  SCV  
  37  4:38  Factory  
  37  4:46  SCV  
  37  4:48  Marine  
  37  4:51  Hellion x2  
  43  4:56  SCV  
  43  4:58  SCV  
  45  5:04  Viking  
  45  5:05  Factory Tech Lab  
  47  5:08  SCV  
  47  5:10  SCV  
  49  5:20  SCV  
  49  5:22  SCV  
  49  5:26  Hellion x2, Siege Tank, Factory Tech Lab  
  51  5:32  SCV  
  51  5:34  Viking, SCV  
  49  5:44  SCV  
  49  5:46  SCV  
  51  5:56  Supply Depot, SCV  
  52  5:57  Supply Depot  
  52  5:58  SCV  
  53  6:05  Starport Reactor  
  53  6:09  Armory  
  53  6:10  SCV  
  54  6:11  Armory  
  54  6:17  SCV  
  54  6:18  Hellion x2  
  59  6:21  Supply Depot  
  59  6:22  Supply Depot x2  
  59  6:23  Hellion  
  59  6:25  Hellion  
  63  6:31  Infernal Pre-Igniter  
  63  6:38  SCV x2  
  65  6:40  Refinery  
  65  6:43  Supply Depot  
  65  6:44  Refinery  
  65  6:50  SCV x2  
  65  6:51  Medivac  
  69  7:02  SCV x2  
  69  7:06  Medivac  
  69  7:07  Supply Depot, Hellion  
  75  7:08  Supply Depot  
  75  7:09  Hellion  
  84  7:33  Hellion x4  
  84  7:34  Medivac  
  84  7:36  Medivac  
  89  7:40  Supply Depot  
  89  7:42  Supply Depot, SCV x2  
  91  7:52  Supply Depot  
  91  7:54  SCV x2  
  93  7:59  Supply Depot  
  93  8:14  Command Center  
  88  8:29  Hellion, Siege Tank x2  
  88  8:30  Viking x2, Hellion  
  100  8:36  Supply Depot  
  100  8:37  Supply Depot x4  
  100  8:38  Supply Depot  
  100  8:40  SCV  
  100  8:41  SCV  
Show
View Real Time Build Order
Export as new Build Order

Miszu Terran - Winner!

Build Orders: Reaper Expand, MMM Bio 

Get SALT Encoding   

  12  0:01  SCV  
  13  0:13  SCV  
  14  0:17  Supply Depot  
  14  0:25  SCV  
  15  0:39  SCV  
  15  0:41  Barracks  
  16  0:44  Refinery  
  16  0:51  SCV  
  17  1:03  SCV  
  18  1:17  SCV  
  19  1:29  Reaper, Orbital Command  
  20  1:40  Command Center  
  20  1:49  Supply Depot  
  20  1:56  SCV  
  20  1:58  Refinery  
  21  2:01  Barracks Reactor  
  21  2:08  SCV  
  22  2:21  SCV  
  23  2:22  Factory  
  22  2:35  SCV  
  23  2:45  Marine  
  23  2:46  Marine  
  23  2:48  SCV  
  25  3:00  SCV  
  25  3:03  Marine x2  
  28  3:08  Orbital Command  
  28  3:12  SCV  
  28  3:15  Hellion  
  30  3:22  Marine  
  30  3:27  Starport  
  30  3:30  SCV  
  31  3:35  SCV  
  32  3:42  SCV  
  32  3:47  Marine x2  
  32  3:48  Hellion  
  37  3:49  SCV  
  38  4:02  SCV  
  39  4:05  Marine  
  39  4:07  Medivac  
  39  4:08  SCV  
  44  4:11  Hellion  
  44  4:15  Supply Depot  
  46  4:22  SCV  
  46  4:27  Supply Depot  
  46  4:33  Factory Tech Lab  
  46  4:37  Command Center, SCV x2  
  48  4:49  SCV x2  
  50  4:53  Barracks  
  50  4:54  Barracks  
  50  4:56  Starport Reactor  
  50  4:59  Refinery  
  50  5:01  SCV x2  
  50  5:05  Supply Depot  
  52  5:13  SCV x2  
  53  5:26  Marine, Reaper  
  50  5:34  Siege Tank, SCV  
  50  5:35  SCV  
  52  5:38  Refinery  
  52  5:41  Engineering Bay  
  52  5:42  Engineering Bay, Barracks Tech Lab  
  49  5:43  Barracks Tech Lab  
  49  5:44  Marine  
  49  5:46  SCV  
  49  5:47  SCV  
  51  5:50  Orbital Command  
  51  5:57  Marine  
  51  5:58  SCV  
  51  5:59  SCV  
  51  6:00  Marine  
  51  6:02  Marine, Stimpack  
  56  6:10  SCV  
  56  6:11  Terran Infantry Armor Level 1, SCV  
  58  6:12  Terran Infantry Weapons Level 1  
  58  6:13  Marine  
  58  6:15  Marine  
  58  6:16  Orbital Command  
  60  6:19  Siege Tank  
  60  6:22  SCV  
  60  6:23  SCV  
  65  6:28  Barracks  
  65  6:29  Barracks, Marauder  
  65  6:31  Medivac  
  69  6:34  Marine  
  69  6:35  Marauder  
  69  6:36  SCV  
  69  6:38  SCV  
  74  6:44  Marine  
  74  6:46  SCV  
  76  6:48  SCV  
  76  6:50  Marauder  
  76  6:52  Marine, SCV  
  81  6:56  Marine  
  81  6:58  SCV  
  81  7:00  SCV  
  81  7:01  Supply Depot x2  
  84  7:02  Armory  
  84  7:04  SCV  
  85  7:14  Refinery  
  85  7:17  Barracks Reactor x2  
  85  7:22  Marine, Medivac x2, SCV  
  93  7:23  Siege Tank, Marauder, SCV x2  
  93  7:24  Marine  
  93  7:25  Marine  
  100  7:34  SCV  
  101  7:37  Supply Depot  
  101  7:38  Supply Depot  
  101  7:43  SCV  
  101  7:46  Combat Shields  
  101  7:58  Marine x5, SCV  
  101  7:59  Marine x2, Marauder  
  101  8:00  Supply Depot, SCV x2  
  101  8:01  Supply Depot  
  101  8:02  Medivac x2  
  117  8:12  Barracks  
  117  8:13  Barracks  
  117  8:14  Barracks  
  117  8:21  Marine x2  
  117  8:22  SCV x2  
  117  8:26  Marine x5, Marauder  
  128  8:32  Medivac, Siege Tank  
  133  8:38  Supply Depot x2  
Tags
 
Composition
MMM BioMech
Matchup
TvT
Race
Terran
Add a new tag
Caveats
  • Supply blocks, unpowered buildings, or Contaminate may cause inaccurate times.
  • Supply counts are checked every 10 seconds.